 Dungeon Crawl Stone Soup version 0.31.0-32-g396128a36d (webtiles) character file.

Game seed: 1232782877217327935

89 mainiacjoe the Vexing (level 4, -2/28 HPs)
             Began as an Octopode Hexslinger on Apr 1, 2024.
             Killed by nerve-wracking pain
             ... invoked by Jessica
              (4 damage)
             ... on level 3 of the Dungeon.
             The game lasted 00:04:37 (1960 turns).

mainiacjoe the Vexing (Octopode Hexslinger)         Turns: 1960, Time: 00:04:38

Health: -2/28      AC:  1    Str:  7    XL:     4   Next: 55%
Magic:  7/7        EV: 13    Int: 17    God:
Gold:   91         SH:  0    Dex: 14    Spells: 2/7 levels left

rFire   + . .        a - +1 sling
rCold   . . .        (no shield)
rNeg    . . .        (helmet restricted)
rPois   .            (no amulet)
rElec   .            j - ring of protection from fire
rCorr   .            (no ring)
SInv    .            (no ring)
Will    .....        (no ring)
Stlth   ++           (no ring)
HPRegen 0.24/turn    (no ring)
MPRegen 0.10/turn    (no ring)
                     (no ring)

%: no passive effects
@: no status effects
A: almost no armour, amphibious, 8 rings, camouflage 1, gelatinous body 1,
(nimble swimmer 1), tentacles
a: no special abilities


You were on level 3 of the Dungeon.
You visited 1 branch of the dungeon, and saw 3 of its levels.

You collected 91 gold pieces.

Inventory:

Hand Weapons
 a - a +1 sling (weapon)
 b - the +9 dagger "Gein" {drain, *Rage rF+++ Int-5 Dex+7}
   (You found it on level 2 of the Dungeon)

   Int-5:     It affects your intelligence (-5).
   Dex+7:     It affects your dexterity (+7).
   rF+++:     It renders you almost immune to fire.
   *Rage:     It berserks you when you make melee attacks (+20% chance).
 g - a +0 short sword
Missiles
 c - 15 stones
Jewellery
 j - a ring of protection from fire (left tentacle)
Wands
 d - a wand of polymorph (11)
Scrolls
 f - a scroll of poison
Potions
 e - 3 potions of resistance
 h - a potion of mutation {unknown}
 i - a potion of might {unknown}
 k - a potion of curing {unknown}
 l - 2 potions of brilliance {unknown}
 m - a potion of invisibility {unknown}
 n - a potion of attraction {unknown}


   Skills:
 - Level 1.0 Fighting
 + Level 3.2 Ranged Weapons
 - Level 2.0 Dodging
 - Level 2.0 Spellcasting
 + Level 3.9 Hexes
 - Level 1.0 Fire Magic


You had 2 spell levels left.
You knew the following spells:

 Your Spells              Type           Power      Damage    Failure   Level
a - Jinxbite              Hex            30%        N/A       6%          2
b - Sigil of Binding      Hex            15%        N/A       12%         3

Your spell library contained the following spells:

 Spells                   Type           Power      Damage    Failure   Level
 Inner Flame              Hex/Fire       10%        N/A       22%         3
 Dazzling Flash           Conj/Hex       16%        N/A       26%         3
 Cause Fear               Hex            7%         N/A       36%         4
 Volatile Blastmotes      Fire/Tloc      6%         2d10      43%         3
 Dimensional Bullseye     Hex/Tloc       4%         N/A       65%         4
 Starburst                Conj/Fire      1%         6d3       100%        6
 Maxwell's Capacitive Co  Air            0%         ∞         100%        8


Dungeon Overview and Level Annotations

Branches:
Dungeon (3/15)

Altars:

Annotations:
D:3 1 runed translucent door, Dvallin's ghost, amateur OnSh; Jessica


Innate Abilities, Weirdness & Mutations

You cannot wear most types of armour.
You are amphibious.
You can wear up to eight rings at the same time.
Your skin changes colour to match your surroundings (Stealth+).
Your rubbery body absorbs attacks. (AC +1, EV +1)
((You are camouflaged when in or above water. (Stealth+)))
You have tentacles for arms and can constrict up to eight enemies at once.


Message History

Jessica is heavily wounded.
Your transformation is almost over.
Jessica closely misses you.
You hit Jessica but do no damage.
Jessica is heavily wounded.
Jessica casts a spell.
Jessica blinks!
Jessica closely misses you.
You hit Jessica.
Jessica is severely wounded.
Jessica gestures at you while chanting. Pain shoots through your body!
You are too injured to fight recklessly!
You hit Jessica but do no damage.
Jessica is severely wounded.
Jessica hits you with a +0 club.
You are too injured to fight recklessly!
You closely miss Jessica.
Jessica is severely wounded.
Jessica hits you with a +0 club.
* * * LOW HITPOINT WARNING * * *
You hit Jessica.
Jessica is severely wounded.
Jessica barely misses you.
You hit Jessica but do no damage.
Jessica is severely wounded.
Jessica hits you with a +0 club.
* * * LOW HITPOINT WARNING * * *
You barely miss Jessica.
Jessica is severely wounded.
Jessica casts a spell at you.
You barely resist. You hit Jessica but do no damage.
Jessica is severely wounded.
You feel less porcine.
Your +1 sling unmelds from your body.
Your ring of protection from fire unmelds from your body.
Jessica points at you and mumbles some strange words.
Pain shoots through your body!
You die...

##############
######............#
#.......@@# ##.###
#.####.##...........#
## #.# ########.#.#
#.
#.##########.#.####.
#...................
#..#########...####.
#..# #####.### #.
#..# ##.#.#.## #.
#..####.......# #.


You could see Jessica.

Vanquished Creatures
  3 adders
  3 dart slugs
  An orc (D:2)
  9 endoplasms
  2 giant cockroaches
  6 hobgoblins
  6 kobolds
  4 quokkas
  5 ball pythons
  3 bats
  3 frilled lizards
  4 goblins
  2 rats (D:1)
51 creatures vanquished.

Notes
Turn   | Place    | Note
-------+----------+-------------------------------------------
     0 | D:1      | mainiacjoe the Octopode Hexslinger began the quest for the
                  | Orb.
     0 | D:1      | Reached XP level 1. HP: 13/13 MP: 2/2
   146 | D:1      | Reached XP level 2. HP: 18/18 MP: 3/3
   149 | D:1      | Learned a level 2 spell: Jinxbite
   556 | D:1      | Reached XP level 3. HP: 23/23 MP: 5/5
   560 | D:1      | Learned a level 3 spell: Sigil of Binding
   857 | D:2      | Identified the +9 dagger "Gein" {drain, *Rage rF+++ Int-5
                  | Dex+7}
  1270 | D:2      | Reached XP level 4. HP: 22/28 MP: 7/7
  1659 | D:3      | Noticed Dvallin's ghost (amateur OnSh)
  1663 | D:3      | Found a runed translucent door.
  1938 | D:3      | Noticed Jessica
  1958 | D:3      | HP: 1/28 [Jessica/+0 club (3)]
  1960 | D:3      | Killed from afar by Jessica

Illustrated notes

Levels and vault maps discovered:
D:1:      lemuel_arrival_room, layout_loops_ring
D:2:      layout_rooms
D:3:      layout_loops_ring, hellmonk_ghost_happy_afterlife, st_stairs_8,
          minmay_puff, uniq_jessica

Skill      XL: |  1  2  3  4 |
---------------+-------------+-----
Spellcasting   | 2 |  2.0
Ranged Weapons | 3 |  3.2
Fighting       | |  1.0
Dodging        | |  2.0
Hexes          | |  3.9
Fire Magic     | |  1.0

Action                     |  1- 3 |  4- 6 || total
---------------------------+-------+-------++-------
  Melee: Unarmed           |       |    11 ||    11
         Dagger            |       |     3 ||     3
   Fire: Sling             |   126 |    52 ||   178
   Cast: Jinxbite          |     4 |     2 ||     6
    Use: Scroll            |       |     2 ||     2
 Armour: Skin              |    25 |    27 ||    52
  Dodge: Dodged            |    36 |    32 ||    68
